 Dungeon Crawl Stone Soup version 0.27-a0-109-g416527ed24 (webtiles) character file.

Game seed: 2452087380234706149

46 dickylongcocking the Conjurer (level 3, 0/21 HPs)
             Began as an Octopode Conjurer on Jan 24, 2021.
             Slain by an orc
             ... wielding a +0 mace
              (9 damage)
             ... on level 2 of the Dungeon.
             The game lasted 00:01:17 (969 turns).

dickylongcocking the Conjurer (Octopode Conjurer)    Turns: 969, Time: 00:01:18

Health: 0/21       AC:  1    Str:  6    XL:     3   Next: 66%
Magic:  1/6        EV: 13    Int: 21    God:
Gold:   57         SH:  0    Dex: 10    Spells: 3/6 levels left

rFire    . . .     SeeInvis .   g - +2 dagger (speed)
rCold    . . .     Faith    .   (no shield)
rNeg     . . .     Spirit   .   (helmet restricted)
rPois    .         Reflect  .   (no amulet)
rElec    .         Harm     .   (no ring)
rCorr    .         Rampage  .   (no ring)
Will     .....                  (no ring)
Stlth    +++.......             (no ring)
HPRegen  0.07/turn              (no ring)
MPRegen  0.10/turn              (no ring)
                                (no ring)
                                (no ring)

@: lethally poisoned (0 -> -3), attractive, hasted, very quick
A: almost no armour, stealthy swim, amphibious, 8 rings, constrict 8, camouflage
1, gelatinous body 1
a: no special abilities


You were on level 2 of the Dungeon.
You visited 1 branch of the dungeon, and saw 2 of its levels.

You collected 57 gold pieces.

Inventory:

Hand Weapons
 b - a +0 short sword
 g - a +2 dagger of speed (weapon)
Scrolls
 a - a scroll of fog {unknown}
 d - a scroll of enchant armour {unknown}


   Skills:
 - Level 2.0 Dodging
 - Level 2.6 Stealth
 - Level 2.0 Spellcasting
 * Level 5.3 Conjurations


You had 3 spell levels left.
You knew the following spells:

 Your Spells              Type           Power        Failure   Level
a - Magic Dart            Conj           96%          1%          1
b - Searing Ray           Conj           48%          2%          2

Your spell library contained the following spells:

 Spells                   Type           Power        Failure   Level
 Dazzling Flash           Conj/Hex       26%          16%         3
 Fulminant Prism          Conj/Hex       6%           45%         4
 Iskenderun's Mystic Bla  Conj/Tloc      13%          45%         4


Dungeon Overview and Level Annotations

Branches:
Dungeon (2/15)

Altars:


Innate Abilities, Weirdness & Mutations

You cannot wear most types of armour.
You are very stealthy in the water. (Stealth+)
You are amphibious.
You can wear up to eight rings at the same time.
You can use your tentacles to constrict eight enemies at once.
Your skin changes colour to match your surroundings (Stealth+).
Your rubbery body absorbs attacks. (AC +1, EV +1)


Message History

The orc wizard casts a spell at you. You resist with significant effort.
The orc hits you with a +0 mace.
You hit the orc wizard but do no damage.
You grab the orc wizard.
The orc wizard is heavily wounded.
You constrict the orc wizard, but do no damage.
Unknown command.
You hit the orc wizard but do no damage.
You squeeze the orc wizard.
The orc wizard is almost dead.
You constrict the orc wizard.
The orc wizard hits you but does no damage.
Unknown command.
You hit the orc wizard but do no damage.
The orc wizard is almost dead.
You constrict the orc wizard, but do no damage.
You feel sick.
The orc wizard hits you with a +0 dagger.
The orc hits you with a +0 mace!
You die...

#####
#...###############
#.......†..........
#.o.###############
##@## #....... #o#
#.###### #.# #.
#######§####### #.
............... #.
#######.####### #.
).. #. .†.## #.
#.#.. #.


You could see an orc wizard (fast) and an orc.

Vanquished Creatures
  An adder (D:2)
  A worm (D:2)
  2 dart slugs (D:1)
  A leopard gecko (D:2)
  3 orcs (D:2)
  2 giant cockroaches (D:1)
  2 goblins (D:1)
  3 hobgoblins (D:1)
  A ball python (D:1)
  7 bats
  A frilled lizard (D:1)
  2 kobolds (D:1)
  A rat (D:1)
27 creatures vanquished.

Notes
Turn   | Place    | Note
-------+----------+-------------------------------------------
     0 | D:1      | dickylongcocking the Octopode Conjurer began the quest for
                  | the Orb.
     0 | D:1      | Reached XP level 1. HP: 11/11 MP: 3/3
   241 | D:1      | Reached XP level 2. HP: 17/17 MP: 0/5
   867 | D:2      | Reached XP level 3. HP: 21/21 MP: 6/6
   882 | D:2      | Reached skill level 5 in Conjurations
   886 | D:2      | Learned a level 2 spell: Searing Ray
   969 | D:2      | Slain by an orc

Illustrated notes

Levels and vault maps discovered:
D:1:      dpeg_arrival_rhombus, layout_rooms
D:2:      layout_loops_ring, led_sif_pool, nicolae_gozag_zags_fifth_avenue

Skill      XL: |  1  2  3 |
---------------+----------+-----
Conjurations   | 5 |  5.3
Dodging        | |  2.0
Stealth        | |  2.6
Spellcasting   | |  2.0

Action                   || total
-------------------------++-------
Melee: Unarmed           ||     2
       Constrict         ||     7
       Short sword       ||     5
       Dagger            ||    16
       Tentacles         ||     4
 Cast: Magic Dart        ||    34
       Searing Ray       ||     2
  Use: Potion            ||     3
 Stab: Sleeping          ||     1
Armor: Skin              ||     5
Dodge: Dodged            ||    13

Table legend: (Time is in decaauts)
 A = Elapsed time spent in this place.
 B = Non-inter-level travel time spent in this place.
 C = Inter-level travel time spent in this place.
 D = Time resting spent in this place.
 E = Time spent auto-exploring this place.
 F = Levels seen in this place.
 G = Mean time per level.
                   A        B        C        D        E       F      G
               +--------+--------+--------+--------+--------+-----+--------+
         Total |    960 |    934 |     26 |    134 |    655 |   2 |  480.0 |
       Dungeon |    960 |    934 |     26 |    134 |    655 |   2 |  480.0 |
               +--------+--------+--------+--------+--------+-----+--------+

Top non-repeatable levels by time:
     D:1: 841 daAuts
     D:2: 118 daAuts
